 Dungeon Crawl Stone Soup version 0.29.1-1-gd02db6906a (webtiles) character file.

Game seed: 5530734635806100044

118234 Ashen the Thaumaturge (level 16, 127/127 HPs)
             Began as a Demonspawn Fire Elementalist on Oct 5, 2022.
             Was the Champion of Vehumet.
             Got out of the dungeon alive.
             The game lasted 01:30:19 (32849 turns).

Ashen the Thaumaturge (DsFE)                       Turns: 32849, Time: 01:30:20

Health: 127/127    AC: 17    Str:  9 (10) XL:     16   Next: 25%
Magic:  33/33      EV: 16    Int: 27 (28) God:    Vehumet [******]
Gold:   1884       SH: 14    Dex: 14 (15) Spells: 9/41 levels left

rFire   + . .      SeeInvis .   T - +3 demon trident (elec)
rCold   + . .      Faith    +   M - +0 kite shield
rNeg    . . .      Spirit   .   r - +1 robe {Archmagi}
rPois   .          Reflect  .   u - +0 helmet
rElec   .          Harm     .   d - +2 cloak {rF+}
rCorr   .          Rampage  .   f - +0 pair of gloves
Will    +....      Archmagi +   w - +0 pair of boots
Stlth   +++.......              K - amulet "Ogyehuh" {Faith Fly rC+}
HPRegen 0.31/turn               p - ring of wizardry
MPRegen 0.23/turn               y - +6 ring of intelligence

@: flying
A: hooves 2, icemail 2, sanguine armour 1, condensation shield, demonic magic 2
a: Renounce Religion


You escaped.
You worshipped Vehumet.
Vehumet was exalted by your worship.
You visited 4 branches of the dungeon, and saw 23 of its levels.
You visited the Abyss 1 time.
You also visited: Ossuary, Ice Cave and Volcano.

You collected 2758 gold pieces.
You spent 874 gold pieces at shops.

Inventory:

Hand Weapons
 T - a +3 demon trident of electrocution (weapon)
Missiles
 I - 11 javelins
Armour
 d - a +2 cloak of fire resistance (worn)
 f - a +0 pair of gloves (worn)
 r - a +1 robe of the Archmagi (worn)
 u - a +0 helmet (worn)
 w - a +0 pair of boots (worn)
 J - an orb of energy
 M - a +0 kite shield (worn)
 U - a scarf of resistance
Jewellery
 i - a ring of see invisible
 j - a ring of flight
 p - a ring of wizardry (left hand)
 y - a +6 ring of intelligence (right hand)
 C - a ring of willpower
 K - the amulet "Ogyehuh" (around neck) {Faith Fly rC+}
   (You took it off an orc warrior on level 9 of the Dungeon)

   [amulet of faith]

   It allows you to gain divine favour quickly.
   rC:        It protects you from cold.
   Fly:       It grants you flight.
 L - a +4 ring of protection
 X - a ring of protection from fire
Wands
 q - a wand of digging (17)
 s - a wand of flame (49)
 x - a wand of mindburst (8)
 D - a wand of iceblast (20)
 E - a wand of quicksilver (23)
 O - a wand of polymorph (5)
 V - a wand of charming (15)
Scrolls
 a - a scroll of summoning {unknown}
 b - 5 scrolls of teleportation
 e - 12 scrolls of identify
 g - 4 scrolls of noise
 n - a scroll of acquirement
 o - 9 scrolls of fog
 t - 3 scrolls of blinking
 A - 4 scrolls of immolation
 F - 5 scrolls of fear
 H - 6 scrolls of vulnerability
 P - 2 scrolls of torment
 Q - 3 scrolls of amnesia
 S - 4 scrolls of poison
 Z - a scroll of brand weapon
Potions
 c - 3 potions of degeneration
 h - 3 potions of haste
 k - 10 potions of curing
 l - 4 potions of attraction
 m - 3 potions of flight
 v - 3 potions of brilliance
 z - 2 potions of lignification
 B - 4 potions of might
 G - 3 potions of mutation
 N - 2 potions of resistance
 R - a potion of cancellation
 W - a potion of ambrosia
 Y - a potion of invisibility


   Skills:
 + Level 12.0 Fighting
 + Level 11.7 Dodging
 - Level 5.0 Stealth
 + Level 6.1 Shields
 * Level 13.1 Spellcasting
 * Level 13.1 Conjurations
 * Level 12.7 Fire Magic


You had 9 spell levels left.
You knew the following spells:

 Your Spells              Type           Power      Damage    Failure   Level
b - Scorch                Fire           100%       2d10      1%          2
c - Flame Wave            Conj/Fire      92%        2d19      1%          4
d - Mephitic Cloud        Conj/Pois/Air  58%        N/A       1%          3
e - Blink                 Tloc           52%        N/A       5%          2
f - Iskenderun's Mystic   Conj/Tloc      68%        2d14      1%          4
g - Starburst             Conj/Fire      46%        6d13      1%          6
h - Iron Shot             Conj/Erth      34%        9d7       10%         6
i - Fireball              Conj/Fire      46%        3d18      1%          5

Your spell library contained the following spells:

 Spells                   Type           Power      Damage    Failure   Level
 Lehudib's Crystal Spear  Conj/Erth      34%        10d9      94%         8
 Maxwell's Capacitive Co  Air            13%        ∞         100%        8
 Chain Lightning          Conj/Air       34%        3d45      100%        9
 Foxfire                  Conj/Fire      100%       2x1d9     1%          1
 Freeze                   Ice            100%       1d11      1%          1
 Magic Dart               Conj           100%       1d8       1%          1
 Shock                    Conj/Air       100%       1d9       1%          1
 Searing Ray              Conj           100%       2d8       1%          2
 Conjure Flame            Conj/Fire      92%        6-21      1%          3
 Dazzling Flash           Conj/Hex       100%       N/A       1%          3
 Ignite Poison            Fire/Tmut/Pois 57%        N/A       1%          3
 Inner Flame              Hex/Fire       67%        N/A       1%          3
 Fulminant Prism          Conj/Hex       34%        3d16      1%          4
 Hailstorm                Conj/Ice       68%        3d14      1%          4
 Sticky Flame             Conj/Fire      92%        2d10      1%          4
 Apportation              Tloc           52%        N/A       3%          1
 Freezing Cloud           Conj/Ice/Air   29%        6-21      4%          5
 Call Imp                 Summ           26%        N/A       5%          2
 Ensorcelled Hibernation  Hex/Ice        52%        N/A       5%          2
 Passwall                 Tmut/Erth      21%        N/A       5%          2
 Airstrike                Air            13%        2d(2-18)  10%         4
 Gell's Gravitas          Tloc           26%        N/A       11%         3
 Lesser Beckoning         Tloc           26%        N/A       11%         3
 Portal Projectile        Hex/Tloc       52%        N/A       11%         3
 Swiftness                Air            26%        N/A       11%         3
 Teleport Other           Tloc           26%        N/A       11%         3
 Tukima's Dance           Hex            26%        N/A       11%         3
 Yara's Violent Unravell  Hex/Tmut       13%        3d7       24%         5
 Animate Dead             Necr           26%        N/A       32%         4
 Summon Ice Beast         Ice/Summ       26%        N/A       32%         4
 Agony                    Necr           26%        N/A       65%         5
 Blade Hands              Tmut           13%        N/A       65%         5
 Manifold Assault         Tloc           26%        N/A       65%         5
 Silence                  Hex/Air        13%        N/A       65%         5
 Dispersal                Tloc           13%        N/A       99%         6
 Simulacrum               Ice/Necr       13%        N/A       99%         6
 Summon Cactus Giant      Summ           13%        N/A       99%         6
 Haunt                    Necr/Summ      13%        N/A       100%        7
 Infestation              Necr           13%        N/A       100%        8
 Polar Vortex             Ice            13%        N/A       100%        9


Dungeon Overview and Level Annotations

Branches:
Dungeon (15/15)            Temple (0/1) D:4            Lair (5/5) D:8
  Swamp (0/4) Lair:3       Spider (1/4) Lair:3        Slime (0/5) Lair:4
    Orc (2/2) D:10            Elf (0/3) Orc:2        Vaults (0/5) D:13
Ossuary (visited)           IceCv (visited)         Volcano (visited)
 Depths: D:15

Altars:
Makhleb
Vehumet
Yredelemnul

Shops:
D:10 ?   Orc:2 [([

Portals:
Trove: D:11 (give 18 potions of curing)

Annotations:
D:4 Dowan
D:10 2 runed translucent doors
D:14 Agnes
Lair:4 1 runed translucent door


Innate Abilities, Weirdness & Mutations

You have hoof-like feet.
A meltable icy envelope protects you from harm. (AC +8)
When seriously injured, your blood forms armour. (AC +0)
A meltable shield of frost defends you. (SH +4)
Spells you cast may paralyse nearby enemies.


Message History

There is a stone staircase leading down here.
There is a staircase back to the Dungeon here.
You fly upwards.
Welcome back to the Dungeon!
There is a staircase to the Lair here.
Magic restored.
You see here a +0 hat.
Your blood armour dries and flakes away.
There is a stone staircase leading up here.
You fly upwards.
There is a stone staircase leading down here.
There is a stone staircase leading up here.
You fly upwards.
There is a stone staircase leading down here.
There is a stone staircase leading up here.
You fly upwards.
There is a stone staircase leading down here.
You see here a +0 barding.
Things that are here:
a +0 quarterstaff; a +0 scale mail
There is a stone staircase leading up here.
You fly upwards.
Level annotation: Dowan
There is a stone staircase leading down here.
You see here a +0 whip.
There is a stone staircase leading up here.
You fly upwards.
There is a stone staircase leading down here.
There is a stone staircase leading up here.
You fly upwards.
There is a stone staircase leading down here.
There is a stone staircase leading up here.
You fly upwards.
There is a stone staircase leading down here.
HP restored.
There is an open door here.
There is an open door here.
There is an open door here.
There is a staircase leading out of the dungeon here.
Are you sure you want to leave the Dungeon?
This will make you lose the game!
You have escaped!

#.#######........#####.....#.##..
...### #.#####......###...#....#
.....# #.# ##.#####.....##.#[#
...#.# #.# #..####'##..##....
...#.# #.# ##.##..###.....##.
...#.# #.# ####'#+##...####.
...#.####.# #..##...........
)..#......# ###'#'#+##.......#
...###.##.### #@..#..###.#######
....##.##...######+#'#+#..#
....##.####..##..#..##...##
#....#.#####.##..###'#'#.#
##.#...#........## #..##.#
##.##....####.### ###'#.#
.........## #.## #...#
.#..#..#..###..## #####
......###.......###


There were no monsters in sight!

Vanquished Creatures
  Gastronok (D:8)
  Louise (D:14)
  A ghost moth (Spider:1)
  Josephine (D:14)
  8 hydras
  Fannar (Lair:2)
  Harold (D:10)
  2 rakshasas (D:15)
  4 boulder beetles
  5 two-headed ogres
  4 centaur warriors
  3 death yaks (Lair:5)
  A tengu warrior (D:15)
  10 orc high priests (Orc:2)
  A thrashing horror (Abyss:4)
  Urug (Lair:4)
  Sonja (D:12)
  A pharaoh ant (Spider:1)
  A goliath frog (Lair:5)
  7 skeletal warriors
  A steelbarb worm (Spider:1)
  Lodul (D:10)
  3 bog bodies (Lair:3)
  3 orb spiders (Spider:1)
  A phantasmal warrior (Abyss:4)
  2 anaconda skeletons (Volcano)
  A wizard (D:14)
  A necromancer (IceCv)
  3 manticores
  2 deep elf pyromancers
  14 ugly things
  4 wolf spiders
  6 cyclopes
  2 black mambas (shapeshifter) (D:13)
  10 elephants (Lair:5)
  3 black mambas
  An eye of devastation (shapeshifter) (D:13)
  An apocalypse crab (Abyss:4)
  5 gargoyles (Volcano)
  A smoke demon (Abyss:4)
  A torpor snail (Lair:5)
  24 cane toads
  An ice statue (IceCv)
  Maggie (D:10)
  10 komodo dragons
  7 rime drakes
  An unseen horror (D:11)
  A kobold demonologist (D:9)
  13 ice devils
  A demonic crawler (Spider:1)
  3 freezing wraiths (IceCv)
  An anaconda simulacrum (IceCv)
  A guardian mummy (D:11)
  6 trolls
  3 meliai (D:15)
  Grinder (D:6)
  A harpy skeleton (Volcano)
  2 hornets
  4 polar bears
  22 blink frogs
  4 tyrant leeches (Lair:5)
  7 tarantellas (Spider:1)
  4 raiju (Abyss:4)
  11 slime creatures
  8 dream sheep
  A small abomination (Abyss:4)
  2 alligator skeletons (Volcano)
  6 jumping spiders
  3 flying skulls (Volcano)
  2 shadows
  4 culicivoras (Spider:1)
  2 vampires
  8 wraiths
  4 dire elephant simulacra (IceCv)
  A fire bat (Abyss:4)
  9 wyverns
  Grum (D:8)
  11 basilisks
  25 yaks
  5 redbacks
  3 steam dragons
  8 vampire mosquitoes
  5 death yak simulacra (IceCv)
  Edmund (D:6)
  A swamp worm (Lair:3)
  12 wargs
  3 acid dragons
  3 harpy simulacra (IceCv)
  12 water moccasins
  2 hell hounds (Lair:4)
  Duvessa (D:4)
  17 orc warriors
  2 black bears
  An ice beast (D:8)
  11 ogres
  8 wolves
  3 boggarts (D:14)
  11 centaurs
  4 kobold brigands
  A phantom (D:5)
  2 elf zombies (Ossuary)
  Blork the orc (D:3)
  3 gnoll sergeants
  15 bullfrogs
  A necrophage (D:5)
  3 cane toad simulacra (IceCv)
  A scorpion (D:6)
  5 wights
  8 killer bees (D:9)
  5 elephant simulacra (IceCv)
  4 spriggan skeletons (Volcano)
  A troll skeleton (Volcano)
  An electric eel (Lair:3)
  11 howler monkeys
  37 orc priests
  3 hounds
  2 jellies
  2 gnoll boudas
  5 iguanas
  Ijyb (D:3)
  28 orc wizards
  3 polar bear simulacra (IceCv)
  20 hell rats
  3 spriggan simulacra (IceCv)
  4 wolf simulacra (IceCv)
  A naga skeleton (Volcano)
  3 mummies (Ossuary)
  28 gnolls
  7 adders
  A naga simulacrum (IceCv)
  A white imp (D:7)
  2 ufetubi (IceCv)
  3 worms
  5 dart slugs (D:1)
  89 orcs
  9 ball pythons
  8 endoplasms
  3 giant cockroaches
  2 goblins (D:2)
  5 hobgoblins
  7 jackals
  32 kobolds
  4 quokkas
  2 training dummies (D:4)
  6 bats
  3 frilled lizards
  A gnoll zombie (Ossuary)
  A goblin zombie (Ossuary)
  5 hobgoblin zombies (Ossuary)
  4 kobold zombies (Ossuary)
  4 rats
856 creatures vanquished.

Vanquished Creatures (others)
  An ufetubus (Abyss:4)
  A bush (Lair:1)
  905 foxfires
  29 fungi
  121 plants
  A withered plant (D:10)
1058 creatures vanquished.

Grand Total: 1914 creatures vanquished

Notes
Turn   | Place    | Note
-------+----------+-------------------------------------------
     0 | D:1      | Ashen the Demonspawn Fire Elementalist began the quest for
                  | the Orb.
     0 | D:1      | Reached XP level 1. HP: 13/13 MP: 3/3
   275 | D:1      | Gained mutation: A meltable shield of frost defends you.
                  | (SH +4) [demonic ancestry]
   275 | D:1      | Reached XP level 2. HP: 19/19 MP: 1/5
   713 | D:1      | Reached XP level 3. HP: 25/25 MP: 4/6
  1532 | D:2      | Found a radiant altar of Vehumet.
  1537 | D:2      | Became a worshipper of Vehumet
  1699 | D:2      | Reached skill level 1 in Fighting
  2292 | D:3      | Gained mutation: You have large cloven feet. [demonic
                  | ancestry]
  2292 | D:3      | Reached XP level 4. HP: 32/32 MP: 4/7
  2516 | D:3      | Noticed Ijyb
  2532 | D:3      | Killed Ijyb
  2533 | D:3      | Reached XP level 5. HP: 20/37 MP: 0/9
  2968 | D:3      | Reached * piety under Vehumet
  2968 | D:3      | Offered knowledge of Freeze by Vehumet.
  3428 | D:4      | Learned a level 2 spell: Scorch
  3433 | D:4      | Learned a level 4 spell: Flame Wave
  3552 | D:4      | Noticed Blork the orc
  3625 | D:4      | Found a sand-covered staircase.
  3633 | Ossuary  | Entered an ossuary
  3633 | Ossuary  | Noticed a wraith
  3633 | Ossuary  | Noticed a wraith
  3633 | Ossuary  | Noticed a wraith
  3923 | Ossuary  | Gained mutation: A meltable icy envelope protects you from
                  | harm. (AC +8) [demonic ancestry]
  3923 | Ossuary  | Reached XP level 6. HP: 44/44 MP: 0/10
  4213 | Ossuary  | Noticed a wraith
  4344 | Ossuary  | Killed a wraith
  4681 | D:4      | Gained mutation: Spells you cast may paralyse adjacent
                  | enemies. [demonic ancestry]
  4681 | D:4      | Reached XP level 7. HP: 49/50 MP: 4/12
  4844 | D:4      | Found a staircase to the Ecumenical Temple.
  5033 | D:4      | Noticed Duvessa
  5033 | D:4      | Noticed Dowan
  5379 | D:3      | Killed Blork the orc
  5510 | D:4      | Killed Duvessa
  5577 | D:5      | Entered Level 5 of the Dungeon
  5711 | D:5      | Offered knowledge of Static Discharge by Vehumet.
  5833 | D:5      | Reached ** piety under Vehumet
  5920 | D:5      | Reached XP level 8. HP: 57/57 MP: 11/14
  6368 | D:6      | Noticed a troll
  6377 | D:6      | Killed a troll
  6378 | D:6      | Reached skill level 5 in Conjurations
  6378 | D:6      | Reached skill level 5 in Fire Magic
  6469 | D:6      | Reached skill level 5 in Spellcasting
  6509 | D:6      | Noticed Grinder
  6523 | D:6      | Killed Grinder
  6713 | D:6      | Noticed a hornet
  6720 | D:6      | Killed a hornet
  6720 | D:6      | Offered knowledge of Mephitic Cloud by Vehumet.
  6721 | D:6      | Reached XP level 9. HP: 65/65 MP: 6/17
  6725 | D:6      | Learned a level 3 spell: Mephitic Cloud
  7098 | D:6      | Noticed Edmund
  7112 | D:6      | Killed Edmund
  7387 | D:6      | Reached *** piety under Vehumet
  8318 | D:7      | Learned a level 2 spell: Blink
  8657 | D:8      | Noticed a two-headed ogre
  8682 | D:8      | Killed a two-headed ogre
  8682 | D:8      | Offered knowledge of Iskenderun's Mystic Blast by Vehumet.
  8683 | D:8      | Reached skill level 5 in Stealth
  8683 | D:8      | Gained mutation: A meltable icy envelope protects you from
                  | harm. (AC +8) [demonic ancestry]
  8683 | D:8      | Reached XP level 10. HP: 73/73 MP: 15/19
  8959 | D:8      | Found a staircase to the Lair.
  9067 | D:8      | Noticed Gastronok
  9512 | D:8      | Reached skill level 5 in Dodging
  9858 | D:8      | Learned a level 4 spell: Iskenderun's Mystic Blast
  9917 | D:8      | Noticed Grum
  9935 | D:8      | Killed Grum
 10447 | D:9      | Reached skill level 5 in Fighting
 10630 | D:9      | Noticed a cyclops
 10672 | D:9      | Reached **** piety under Vehumet
 10924 | D:9      | Found a runed translucent door.
 10924 | D:9      | Noticed a two-headed ogre
 10933 | D:9      | Identified the amulet "Ogyehuh" {Faith Fly rC+}
 11565 | D:10     | Entered Level 10 of the Dungeon
 11569 | D:10     | Noticed Lodul
 11650 | D:10     | Offered knowledge of Dazzling Flash by Vehumet.
 11794 | D:10     | Killed Lodul
 11795 | D:10     | Gained mutation: Spells you cast may paralyse nearby
                  | enemies. [demonic ancestry]
 11795 | D:10     | Reached XP level 11. HP: 57/80 MP: 8/22
 11908 | D:10     | Found a basalt altar of Yredelemnul.
 11956 | D:10     | Noticed Maggie
 11975 | D:10     | Killed Maggie
 12242 | D:10     | Reached ***** piety under Vehumet
 12243 | D:10     | Offered knowledge of Starburst by Vehumet.
 12256 | D:10     | Found a staircase to the Orcish Mines.
 12395 | D:10     | Noticed a fire dragon
 12396 | D:10     | Found a runed translucent door.
 12396 | D:10     | Noticed an ice dragon
 12397 | D:10     | Found Surph's Magic Scroll Boutique.
 12398 | D:10     | Found the +2 shield of Resistance {rF++ rC++ Will++}
 12407 | D:10     | Bought a scroll of amnesia for 44 gold pieces
 12407 | D:10     | Bought a scroll of vulnerability for 44 gold pieces
 12407 | D:10     | Bought a scroll of poison for 44 gold pieces
 12407 | D:10     | Bought a scroll of enchant weapon for 82 gold pieces
 12407 | D:10     | Bought a scroll of fog for 44 gold pieces
 12425 | D:10     | Noticed a fire dragon
 12429 | D:10     | Noticed an ice dragon
 12436 | D:10     | Found a runed translucent door.
 12456 | D:10     | Noticed Harold
 12549 | D:10     | Killed Harold
 12735 | D:10     | Learned a level 6 spell: Starburst
 12736 | Orc:1    | Entered Level 1 of the Orcish Mines
 13413 | Orc:2    | Entered Level 2 of the Orcish Mines
 13413 | Orc:2    | Found a staircase to the Elven Halls.
 13718 | Orc:2    | Noticed an orc high priest
 13727 | Orc:2    | Killed an orc high priest
 14052 | Orc:2    | Noticed an orc high priest
 14054 | Orc:2    | Noticed an orc high priest
 14055 | Orc:2    | Noticed a sun demon
 14055 | Orc:2    | Noticed a soul eater
 14056 | Orc:2    | Killed an orc high priest
 14060 | Orc:2    | Noticed a sun demon
 14064 | Orc:2    | Killed an orc high priest
 14064 | Orc:2    | Offered knowledge of Iron Shot by Vehumet.
 14064 | Orc:2    | Noticed an orc high priest
 14341 | Orc:2    | Reached XP level 12. HP: 60/89 MP: 14/25
 14341 | Orc:2    | Killed an orc high priest
 14351 | Orc:1    | Learned a level 6 spell: Iron Shot
 14505 | Orc:2    | Noticed an orc high priest
 14515 | Orc:2    | Killed an orc high priest
 14516 | Orc:2    | Noticed an orc high priest
 14517 | Orc:2    | Noticed an orc high priest
 14518 | Orc:2    | Noticed an orc high priest
 14521 | Orc:2    | Killed an orc high priest
 14585 | Orc:2    | Killed an orc high priest
 14586 | Orc:2    | Reached skill level 10 in Conjurations
 14732 | Orc:2    | Killed an orc high priest
 14736 | Orc:2    | Noticed an orc high priest
 14744 | Orc:2    | Killed an orc high priest
 14900 | Orc:2    | Noticed an orc high priest
 14905 | Orc:2    | Killed an orc high priest
 14906 | Orc:2    | Reached skill level 10 in Fire Magic
 15169 | Orc:2    | Found Buitorou's Antique Armour Shop.
 15169 | Orc:2    | Found Piatzos's Antique Weapon Emporium.
 15211 | Orc:2    | Found Peuder's Magic Scroll Shop.
 15211 | Orc:2    | Found Remanuf's Antique Armour Emporium.
 15217 | Orc:2    | Bought a scroll of brand weapon for 133 gold pieces
 15217 | Orc:2    | Bought a scroll of fear for 56 gold pieces
 15217 | Orc:2    | Bought a scroll of teleportation for 42 gold pieces
 15217 | Orc:2    | Bought a scroll of poison for 56 gold pieces
 15217 | Orc:2    | Bought a scroll of fog for 56 gold pieces
 15217 | Orc:2    | Bought a scroll of poison for 56 gold pieces
 15217 | Orc:2    | Bought a scroll of immolation for 56 gold pieces
 15235 | Orc:2    | Bought a scroll of identify for 28 gold pieces
 15235 | Orc:2    | Bought a scroll of torment for 133 gold pieces
 15236 | Orc:2    | Identified a scroll of acquirement
 15496 | Lair:1   | Entered Level 1 of the Lair of Beasts
 15873 | Lair:1   | Reached skill level 10 in Spellcasting
 16061 | Lair:1   | Found a burning altar of Makhleb.
 16996 | Lair:2   | Found a frozen archway.
 17016 | IceCv    | Entered an ice cave
 17473 | IceCv    | Found an ancient bone altar of Kikubaaqudgha.
 17479 | IceCv    | Offered knowledge of Lightning Bolt by Vehumet.
 17480 | IceCv    | Reached XP level 13. HP: 86/101 MP: 25/27
 17896 | IceCv    | Got Sif Muna's Guidebook on the Twisted Blizzard
 18147 | Lair:2   | Reached skill level 10 in Fighting
 18304 | Lair:2   | Noticed Fannar
 18311 | Lair:2   | Killed Fannar
 18809 | Lair:2   | Reached skill level 10 in Dodging
 19331 | Lair:3   | Reached skill level 1 in Shields
 19335 | Lair:3   | Offered knowledge of Fireball by Vehumet.
 20292 | Lair:3   | Found a staircase to the Swamp.
 20410 | Lair:3   | Found a hole to the Spider Nest.
 20500 | Lair:3   | Learned a level 5 spell: Fireball
 20910 | Lair:4   | Found a dark tunnel.
 20916 | Volcano  | Entered a volcano
 21073 | Volcano  | Gained mutation: You have hoof-like feet. [demonic
                  | ancestry]
 21073 | Volcano  | Reached XP level 14. HP: 108/110 MP: 17/29
 21294 | Volcano  | Offered knowledge of Conjure Ball Lightning by Vehumet.
 22021 | Lair:4   | Noticed Urug
 22295 | Lair:4   | Found a runed translucent door.
 22296 | Lair:4   | Noticed an azure jelly
 22298 | Lair:4   | Noticed an azure jelly
 22299 | Lair:4   | Found a staircase to the Slime Pits.
 22314 | Lair:4   | Identified the +9 rapier of Crystal {freeze, rF+ rCorr
                  | Stlth-}
 22479 | Lair:4   | Killed Urug
 22803 | Lair:4   | Noticed an azure jelly
 22964 | Lair:5   | Entered Level 5 of the Lair of Beasts
 24428 | Lair:5   | Gained mutation: When seriously injured, your blood forms
                  | armour. (AC +0) [demonic ancestry]
 24428 | Lair:5   | Reached XP level 15. HP: 117/119 MP: 22/30
 25229 | D:8      | Killed Gastronok
 25395 | D:9      | Offered knowledge of Yara's Violent Unravelling by Vehumet.
 26246 | D:11     | Found a portal to a secret trove of treasure.
 26541 | D:12     | Noticed Sonja
 26548 | D:12     | Killed Sonja
 27722 | D:13     | Reached skill level 5 in Shields
 27726 | D:13     | Identified the +6 glaive "Sarcophage" {venom, rElec rC+
                  | rCorr Int+2}
 27953 | D:13     | You are sucked into a shaft and drop 2 floors!
 27953 | D:15     | Entered Level 15 of the Dungeon
 29047 | D:14     | Identified the -1 tower shield of Love and Death {rPois}
 29047 | D:14     | Noticed Louise
 29066 | D:14     | Killed Louise
 29138 | Abyss:2  | Cast into level 2 of the Abyss (a wizard)
 29299 | Abyss:4  | Noticed a profane servitor
 29309 | Abyss:4  | Reached ****** piety under Vehumet
 29312 | Abyss:4  | Noticed a profane servitor
 29335 | Abyss:4  | Noticed a tentacled starspawn
 29459 | Abyss:4  | Offered knowledge of Eringya's Noxious Bog by Vehumet.
 29473 | Abyss:4  | Noticed a tentacled starspawn
 29492 | Abyss:4  | Noticed a profane servitor
 29545 | Abyss:4  | Noticed a walking earthen tome
 29610 | Abyss:4  | Noticed a bone dragon
 29763 | D:14     | Escaped the Abyss
 30053 | D:14     | Noticed Agnes
 30135 | D:14     | Noticed Josephine
 30321 | D:14     | Got the Essays on Evolution and the Excursion
 30387 | D:14     | Killed Josephine
 31102 | D:13     | Found a gate to the Vaults.
 31109 | D:13     | Reached XP level 16. HP: 127/127 MP: 25/32
 32425 | Spider:1 | Entered Level 1 of the Spider Nest
 32429 | Spider:1 | Offered knowledge of Lehudib's Crystal Spear by Vehumet.
 32429 | Spider:1 | Offered knowledge of Chain Lightning by Vehumet.
 32429 | Spider:1 | Offered knowledge of Maxwell's Capacitive Coupling by
                  | Vehumet.
 32849 | D:$      | Got out of the dungeon alive.

Illustrated notes

Levels and vault maps discovered:
D:1:      erik_arrival_triangle_medium, layout_rooms, minmay_hexomino_p4
D:2:      layout_basic, serial_glass, glass_columns_c, glass_columns_a,
          glass_columns_c, glass_columns_c, glass_columns_a, glass_columns_b,
          basic_altar, dreamdust_wishing_well
D:3:      layout_basic, uniq_ijyb
D:4:      dreamdust_elfheim, layout_loops_ring, temple_green,
          lightli_ossuary_entry_decrepit_ruins, uniq_blork_the_orc
D:5:      layout_rooms
D:6:      layout_basic, grunt_ministairs_15, uniq_edmund, uniq_grinder
D:7:      layout_loops_ring
D:8:      layout_loops_ring, david_lair_shrubbed, serial_co_window_serial,
          co_window_of_opportunity_a, co_window_paths_a, co_window_corner_a,
          co_window_corner_a, co_window_paths_a, co_window_paths_a,
          co_window_cross_1, co_window_corner_b, co_window_corner_b,
          co_window_paths_c, co_window_corner_cb, co_window_broadway_a,
          co_window_paths_d, glass_columns_b, glass_columns_a, glass_columns_c,
          glass_columns_c, serial_park_tiny_1, uniq_gastronok, uniq_grum
D:9:      layout_loops_ring, serial_aquarium, aquarium_bridge_long_joined
          [aquarium_subvault_bridge, aquarium_subvault_balcony,
          aquarium_subvault_wall, aquarium_subvault_bridge,
          aquarium_subvault_balcony, aquarium_subvault_bridge],
          aquarium_window_1, aquarium_window_1, aquarium_view_2d,
          aquarium_balcony_3a, minmay_liquid_box, minmay_misc_feat_square,
          minmay_st_funbox
D:10:     layout_basic, yredelemnul_altar_generic, hiddenorc1_lemuel,
          serial_shops, nicolae_shop_trees, minmay_guarded_unrand_resistance,
          uniq_lodul, uniq_harold, uniq_maggie
D:11:     layout_small_grid, nicolae_trove_entry_path_of_doom
D:12:     layout_basic, uniq_sonja
D:13:     layout_stronghold, david_vaults_2
D:14:     layout_loops_cross, skrybe_limestone_x, uniq_agnes, uniq_louise,
          uniq_josephine
D:15:     grunt_enter_depths_hoard, layout_basic, abandoned_shop
Lair:1:   layout_cave_pods, basic_altar, serial_forest,
          infiniplex_forest_clump_long, infiniplex_forest_diagonal,
          infiniplex_forest_lined_2, infiniplex_forest_clump_medium,
          infiniplex_forest_lined_3_way, infiniplex_forest_3_way,
          infiniplex_forest_clump_medium, chequers_serial_rivers_large_b,
          minmay_stone_trees_small, beast_lair_carwin_9
Lair:2:   layout_roguey, serial_rivers, chequers_serial_rivers_micro_c,
          chequers_serial_rivers_micro_e, chequers_serial_rivers_small_a,
          chequers_serial_rivers_small_a, chequers_serial_rivers_small_a,
          chequers_serial_rivers_room_b, portal_ice_cave_demonic_guard,
          uniq_fannar
Lair:3:   layout_roguey [special_room_mythical_zoo],
          nicolae_swamp_entry_splash_gauntlet, spider_nest_entry_funnel_web,
          grunt_megastairs_5
Lair:4:   layout_regular_city, slime_entry_2, enter_volcano_3, uniq_urug
Lair:5:   minmay_lair_end_frog_pond, layout_cave_pods
Spider:1: layout_spider_delve
Orc:1:    layout_diamond_mine
Orc:2:    st_orc_town, layout_caves

Skill      XL: |  1  2  3  4  5  6  7  8  9 10 11 12 13 14 15 16 |
---------------+-------------------------------------------------+-----
Dodging        | 2 3 4 5 6 8 10 11 | 11.7
Stealth        | 2 3 4 5 |  5.0
Fire Magic     | 3 4 5 6 8 9 10 11 12 | 12.7
Fighting       | 1 2 3 4 5 6 9 10 11 12 | 12.0
Conjurations   | 2 3 4 5 6 8 9 10 11 12 13 | 13.1
Spellcasting   | 3 4 5 6 7 9 10 11 12 13 | 13.1
Shields        | 2 4 5 6 |  6.1

Action                   |  1- 3 |  4- 6 |  7- 9 | 10-12 | 13-15 | 16-18 || total
-------------------------+-------+-------+-------+-------+-------+-------++-------
Melee: Unarmed           |     3 |       |       |       |       |       ||     3
       Long sword        |    27 |    31 |       |       |       |       ||    58
       Kick              |       |     6 |       |       |       |       ||     6
       Short sword       |       |    14 |    20 |    55 |       |       ||    89
       Punch             |       |     1 |     1 |     4 |       |       ||     6
       Whip              |       |       |    78 |   111 |       |       ||   189
       Trident           |       |       |       |   128 |   389 |       ||   517
       Demon trident     |       |       |       |       |    53 |    20 ||    73
 Cast: Foxfire           |    65 |   101 |   164 |   163 |    51 |       ||   544
       Scorch            |       |     8 |    28 |    36 |    21 |       ||    93
       Flame Wave        |       |       |     7 |     9 |     4 |       ||    20
       Mephitic Cloud    |       |       |     1 |    14 |     3 |       ||    18
       Iskenderun's Myst |       |       |       |    19 |    29 |     3 ||    51
       Starburst         |       |       |       |    70 |   168 |    20 ||   258
       Iron Shot         |       |       |       |     2 |    29 |       ||    31
       Fireball          |       |       |       |       |    69 |    15 ||    84
       Blink             |       |       |       |       |     5 |       ||     5
Evoke: Wand              |       |       |       |     2 |     1 |     1 ||     4
  Use: Scroll            |       |     2 |       |    23 |     8 |     1 ||    34
       Potion            |       |     1 |       |     4 |    11 |     2 ||    18
 Stab: Sleeping          |     3 |     2 |     4 |     1 |    11 |     2 ||    23
       Paralysed         |       |       |    26 |    49 |    55 |     2 ||   132
       Confused          |       |       |       |     2 |       |       ||     2
       Distracted        |       |       |       |     1 |       |       ||     1
       Invisible         |       |       |       |       |     1 |       ||     1
Armor: Robe              |     7 |    28 |    30 |   111 |   166 |    23 ||   365
       Skin              |       |       |       |       |     3 |       ||     3
Dodge: Dodged            |    21 |    59 |    74 |   216 |   339 |    35 ||   744
Block: Other             |     6 |    13 |    19 |    67 |    11 |       ||   116
       Kite shield       |       |       |       |       |   355 |    37 ||   392
